| TOP OF THE 1ST |
|
St. Pete Cardinals batting - Pitching for Bradenton Sox : RHP Hector Gutierrez
|
|
Pitching: RHP Hector Gutierrez
|
|
|
Batting: RHB John Roberts
|
0-0: Ball 1-0: Swinging Strike 1-1: Ball 2-1: SINGLE (Flyball, 8LS, EV 86.3 MPH)
|
|
Batting: RHB Victor Jimenez
|
0-0: Called Strike 0-1: Ball 1-1: Swinging Strike 1-2: Foul Ball, location: 2F 1-2: Ball 2-2: Strikes out looking
|
|
Batting: RHB Joe Scime
|
0-0: Called Strike John Roberts steals 2nd base 0-1: Called Strike 0-2: Ball 1-2: Foul Ball, location: 2F 1-2: Ground out 6-3 (Groundball, 6S, EV 76.9 MPH) John Roberts to third
|
|
Batting: RHB Eric Hardgrave
|
0-0: SINGLE (Groundball, 56D, EV 94.4 MPH) John Roberts scores
|
|
Batting: RHB Tom Magrann
|
0-0: Ball 1-0: Foul Ball, location: 2F 1-1: Swinging Strike 1-2: Foul Ball, location: 2F 1-2: Ball 2-2: Strikes out swinging
|
| Top of the 1st over - 1 run, 2 hits, 0 errors, 1 left on base; St. Pete 1 - Bradenton 0 |
| BOTTOM OF THE 1ST |
|
Bradenton Sox batting - Pitching for St. Pete Cardinals : LHP Hugo Torre
|
|
Pitching: LHP Hugo Torre
|
|
|
Batting: RHB Dave Coss
|
0-0: Ball 1-0: Swinging Strike 1-1: Fly out, F9 (Line Drive, 9, EV 88.8 MPH)
|
|
Batting: RHB Rene Gonzales
|
0-0: Ball 1-0: Foul Ball, location: 2F 1-1: Swinging Strike 1-2: SINGLE (Line Drive, 7S, EV 96.9 MPH)
|
|
Batting: RHB Dennis Tiefenthaler
|
0-0: Ball 1-0: Called Strike 1-1: Grounds into double play, 6-4-3 (Groundball, 6D, EV 80.0 MPH)
|
| Bottom of the 1st over - 0 runs, 1 hit, 0 errors, 0 left on base; St. Pete 1 - Bradenton 0 |
| TOP OF THE 2ND |
|
St. Pete Cardinals batting - Pitching for Bradenton Sox : RHP Hector Gutierrez
|
|
Batting: SHB Mickey Riley
|
0-0: Ball 1-0: Ball 2-0: Called Strike 2-1: Ball 3-1: Base on Balls
|
|
Batting: RHB Omar Interiano
|
0-0: Foul Ball, location: 2F 0-1: Ball 1-1: Swinging Strike 1-2: Foul Ball, location: 2F 1-2: Strikes out swinging
|
|
Batting: RHB Jose Mantilla
|
0-0: Grounds into double play, 4-6-3 (Groundball, 4, EV 105.0 MPH)
|
| Top of the 2nd over - 0 runs, 0 hits, 0 errors, 0 left on base; St. Pete 1 - Bradenton 0 |
| BOTTOM OF THE 2ND |
|
Bradenton Sox batting - Pitching for St. Pete Cardinals : LHP Hugo Torre
|
|
Batting: RHB Dave Hoeksema
|
0-0: Ball 1-0: Foul Ball, location: 2F 1-1: Called Strike 1-2: Foul Ball, location: 2F 1-2: Fly out, F8 (Flyball, 8LS, EV 91.9 MPH)
|
|
Batting: RHB William Murray
|
0-0: Swinging Strike 0-1: Foul Ball, location: 2F 0-2: Ball 1-2: Strikes out swinging
|
|
Batting: RHB Jerry Nalley
|
0-0: Ball 1-0: Ground out 4-3 (Groundball, 4, EV 77.5 MPH)
|
| Bottom of the 2nd over - 0 runs, 0 hits, 0 errors, 0 left on base; St. Pete 1 - Bradenton 0 |
| TOP OF THE 3RD |
|
St. Pete Cardinals batting - Pitching for Bradenton Sox : RHP Hector Gutierrez
|
|
Batting: RHB Carlos Garcia
|
0-0: DOUBLE (Groundball, 5L, EV 103.1 MPH)
|
|
Batting: RHB John Roberts
|
0-0: Called Strike 0-1: Foul Ball, location: 2F 0-2: Foul Ball, location: 2F 0-2: Fly out, F8 (Flyball, 89M, EV 81.3 MPH)
|
|
Batting: RHB Victor Jimenez
|
0-0: Ball 1-0: Foul Ball, location: 2F 1-1: SINGLE (Line Drive, 78S, EV 86.9 MPH) Carlos Garcia to third Runner from 3rd tries for Home, SAFE, throw by CF to home
|
|
Batting: RHB Joe Scime
|
0-0: Ball 1-0: Ball 2-0: Foul Ball, location: 2F 2-1: Ball 3-1: Fielders Choice at 2nd, 3-6 (Groundball, 3S, EV 88.1 MPH)
|
|
Batting: RHB Eric Hardgrave
|
0-0: Swinging Strike 0-1: Ball 1-1: Ball 2-1: Foul Ball, location: 2F 2-2: Ball 3-2: Base on Balls Joe Scime to second
|
|
Batting: RHB Tom Magrann
|
0-0: Called Strike 0-1: SINGLE (Groundball, 4D, EV 105.6 MPH) Joe Scime to third Eric Hardgrave to second Runner from 3rd tries for Home, SAFE, throw by RF to home
|
|
Batting: SHB Mickey Riley
|
0-0: Foul Ball, location: 2F 0-1: Ball 1-1: Fielders Choice at 2nd, 6-4 (Groundball, 6, EV 98.8 MPH)
|
| Top of the 3rd over - 2 runs, 3 hits, 0 errors, 2 left on base; St. Pete 3 - Bradenton 0 |
| BOTTOM OF THE 3RD |
|
Bradenton Sox batting - Pitching for St. Pete Cardinals : LHP Hugo Torre
|
|
Batting: SHB Thomas Colburn
|
0-0: Called Strike 0-1: Foul Ball, location: 2F 0-2: Ball 1-2: Ball 2-2: Ball 3-2: Ground out 4-3 (Groundball, 4, EV 83.8 MPH)
|
|
Batting: RHB Dennis Keating
|
0-0: Called Strike 0-1: Ground out 4-3 (Groundball, 34, EV 83.1 MPH)
|
|
Batting: RHB Andre Wood
|
0-0: Ball 1-0: Ground out 6-3 (Groundball, 6, EV 96.9 MPH)
|
| Bottom of the 3rd over - 0 runs, 0 hits, 0 errors, 0 left on base; St. Pete 3 - Bradenton 0 |
| TOP OF THE 4TH |
|
St. Pete Cardinals batting - Pitching for Bradenton Sox : RHP Hector Gutierrez
|
|
Batting: RHB Omar Interiano
|
0-0: Ball 1-0: Called Strike 1-1: Foul Ball, location: 2F 1-2: Foul Ball, location: 2F 1-2: Foul Ball, location: 2F 1-2: Strikes out swinging
|
|
Batting: RHB Jose Mantilla
|
0-0: Called Strike 0-1: Ball 1-1: Ball 2-1: Foul Ball, location: 2F 2-2: Foul Ball, location: 2F 2-2: Ball 3-2: Foul Ball, location: 2F 3-2: Foul Ball, location: 2F 3-2: Base on Balls
|
|
Batting: RHB Carlos Garcia
|
0-0: Called Strike 0-1: Ball 1-1: Ball 2-1: Called Strike 2-2: Fly out, F8 (Flyball, 89S, EV 99.4 MPH)
|
|
Batting: RHB John Roberts
|
0-0: Called Strike 0-1: Ball 1-1: SINGLE (Flyball, 56D, EV 82.5 MPH) Jose Mantilla to second
|
|
Batting: RHB Victor Jimenez
|
0-0: Ball 1-0: Called Strike 1-1: Ball 2-1: Ball 3-1: Called Strike 3-2: Ground out 1-3 (Groundball, 34S, EV 62.5 MPH)
|
| Top of the 4th over - 0 runs, 1 hit, 0 errors, 2 left on base; St. Pete 3 - Bradenton 0 |
| BOTTOM OF THE 4TH |
|
Bradenton Sox batting - Pitching for St. Pete Cardinals : LHP Hugo Torre
|
|
Batting: RHB Dave Coss
|
0-0: Ball 1-0: SINGLE (Groundball, 6MD, EV 101.9 MPH)
|
|
Batting: RHB Rene Gonzales
|
0-0: Ball 1-0: Called Strike 1-1: Called Strike 1-2: Ground out 3-1 (Groundball, 34S, EV 76.9 MPH) Dave Coss to second
|
|
Batting: RHB Dennis Tiefenthaler
|
0-0: Ball 1-0: Ball 2-0: Ball 3-0: Base on Balls
|
|
Batting: RHB Dave Hoeksema
|
0-0: Foul Ball, location: 2F 0-1: Swinging Strike 0-2: Foul Ball, location: 2F 0-2: Ball 1-2: Foul Ball, location: 2F 1-2: Foul Ball, location: 2F 1-2: Fly out, F8 (Flyball, 8RXD, EV 103.8 MPH) Runner from 2nd tags up, SAFE at 3rd, no throw by CF
|
|
Batting: RHB William Murray
|
0-0: Called Strike 0-1: Ball 1-1: Foul Ball, location: 2F 1-2: Ball 2-2: SINGLE (Groundball, 6MD, EV 99.4 MPH) Dave Coss scores Dennis Tiefenthaler to second Runner from 2nd tries for 3rd, SAFE, throw by CF made to third
|
|
Batting: RHB Jerry Nalley
|
0-0: Ball 1-0: Swinging Strike 1-1: Ball 2-1: Ball 3-1: Foul Ball, location: 2F 3-2: Ground out U3 (Groundball, 13, EV 91.3 MPH)
|
| Bottom of the 4th over - 1 run, 2 hits, 0 errors, 2 left on base; St. Pete 3 - Bradenton 1 |
| TOP OF THE 5TH |
|
St. Pete Cardinals batting - Pitching for Bradenton Sox : RHP Hector Gutierrez
|
|
Batting: RHB Joe Scime
|
0-0: Foul Ball, location: 2F 0-1: Foul Ball, location: 2F 0-2: Ball 1-2: Foul Ball, location: 2F 1-2: Ball 2-2: Fly out, F8 (Flyball, 8RD, EV 90.6 MPH)
|
|
Batting: RHB Eric Hardgrave
|
0-0: Ball 1-0: Ball 2-0: Ball 3-0: Base on Balls
|
|
Batting: RHB Tom Magrann
|
0-0: Ball 1-0: Grounds into double play, 6-4-3 (Groundball, 6, EV 107.5 MPH)
|
| Top of the 5th over - 0 runs, 0 hits, 0 errors, 0 left on base; St. Pete 3 - Bradenton 1 |
| BOTTOM OF THE 5TH |
|
Bradenton Sox batting - Pitching for St. Pete Cardinals : LHP Hugo Torre
|
|
Batting: SHB Thomas Colburn
|
0-0: Called Strike 0-1: Foul Ball, location: 2F 0-2: Ball 1-2: Foul Ball, location: 2F 1-2: Foul Ball, location: 2F 1-2: Ball 2-2: Fly out, F7 (Flyball, 7LM, EV 93.1 MPH)
|
|
Batting: RHB Dennis Keating
|
0-0: Called Strike 0-1: Swinging Strike 0-2: Foul Ball, location: 2F 0-2: Ball 1-2: Foul Ball, location: 2F 1-2: Ground out 6-3 (Groundball, 56, EV 96.3 MPH)
|
|
Batting: RHB Andre Wood
|
0-0: Foul Ball, location: 2F 0-1: Called Strike 0-2: Ball 1-2: Foul Ball, location: 2F 1-2: DOUBLE (Line Drive, 9LS, EV 100.0 MPH)
|
|
Batting: RHB Dave Coss
|
0-0: Foul Ball, location: 2F 0-1: Ball 1-1: Called Strike 1-2: Ball 2-2: Fly out, F6 (Line Drive, 6, EV 68.1 MPH)
|
| Bottom of the 5th over - 0 runs, 1 hit, 0 errors, 1 left on base; St. Pete 3 - Bradenton 1 |
| TOP OF THE 6TH |
|
St. Pete Cardinals batting - Pitching for Bradenton Sox : RHP Hector Gutierrez
|
|
Batting: SHB Mickey Riley
|
0-0: Ball 1-0: Ball 2-0: Fly out, F8 (Flyball, 89M, EV 81.9 MPH)
|
|
Batting: RHB Omar Interiano
|
0-0: Called Strike 0-1: Foul Ball, location: 2F 0-2: Strikes out swinging
|
|
Batting: RHB Jose Mantilla
|
0-0: Ball 1-0: Called Strike 1-1: Ball 2-1: Called Strike 2-2: Foul Ball, location: 2F 2-2: Foul Ball, location: 2F 2-2: Ground out 4-3 (Groundball, 34D, EV 96.9 MPH)
|
| Top of the 6th over - 0 runs, 0 hits, 0 errors, 0 left on base; St. Pete 3 - Bradenton 1 |
| BOTTOM OF THE 6TH |
|
Bradenton Sox batting - Pitching for St. Pete Cardinals : LHP Hugo Torre
|
|
Batting: RHB Rene Gonzales
|
0-0: Swinging Strike 0-1: Fly out, F9 (Flyball, 89S, EV 91.3 MPH)
|
|
Batting: RHB Dennis Tiefenthaler
|
0-0: Foul Ball, location: 2F 0-1: Ball 1-1: Ball 2-1: SINGLE (Line Drive, 7S, EV 91.3 MPH)
|
|
Batting: RHB Dave Hoeksema
|
0-0: Called Strike 0-1: SINGLE (Flyball, 34D, EV 84.4 MPH) Dennis Tiefenthaler to second
|
|
Batting: RHB William Murray
|
0-0: Called Strike 0-1: Foul Ball, location: 2F 0-2: Foul Ball, location: 2F 0-2: Foul Ball, location: 2F 0-2: Foul Ball, location: 2F 0-2: Ball 1-2: Strikes out swinging
|
|
Batting: RHB Jerry Nalley
|
0-0: Ground out 1-3 (Groundball, 13S, EV 71.9 MPH)
|
| Bottom of the 6th over - 0 runs, 2 hits, 0 errors, 2 left on base; St. Pete 3 - Bradenton 1 |
| TOP OF THE 7TH |
|
St. Pete Cardinals batting - Pitching for Bradenton Sox : RHP Hector Gutierrez
|
|
Batting: RHB Carlos Garcia
|
0-0: Ball 1-0: Ball 2-0: Foul Ball, location: 2F 2-1: Fly out, F5 (Popup, 25, EV 93.1 MPH)
|
|
Batting: RHB John Roberts
|
0-0: Ball 1-0: Called Strike 1-1: Ball 2-1: SINGLE (Line Drive, 78M, EV 111.9 MPH)
|
|
Batting: RHB Victor Jimenez
|
0-0: Called Strike 0-1: Ball 1-1: Foul Ball, location: 2F 1-2: Ball 2-2: Strikes out swinging
|
|
Batting: RHB Joe Scime
|
0-0: Ball John Roberts steals 2nd base (no throw) 1-0: Called Strike 1-1: Foul Ball, location: 2F 1-2: Fly out, F6 (Popup, 6D, EV 48.1 MPH)
|
| Top of the 7th over - 0 runs, 1 hit, 0 errors, 1 left on base; St. Pete 3 - Bradenton 1 |
| BOTTOM OF THE 7TH |
|
Bradenton Sox batting - Pitching for St. Pete Cardinals : LHP Hugo Torre
|
|
Batting: SHB Thomas Colburn
|
0-0: Ball 1-0: Foul Ball, location: 2F 1-1: Ball 2-1: Foul Ball, location: 2F 2-2: Ground out 6-3 (Groundball, 6M, EV 87.5 MPH)
|
|
Batting: RHB Dennis Keating
|
0-0: Ball 1-0: Ball 2-0: Ground out 4-3 (Groundball, 4, EV 83.1 MPH)
|
|
Batting: RHB Andre Wood
|
0-0: Ball 1-0: TRIPLE (Line Drive, 89XD, EV 98.8 MPH)
|
|
Batting: RHB Dave Coss
|
0-0: Called Strike 0-1: Ball 1-1: Swinging Strike 1-2: Ball 2-2: Ball 3-2: Base on Balls
|
|
Pitching: RHP Kevin Irot
|
|
|
Batting: RHB Rene Gonzales
|
0-0: Called Strike 0-1: Foul Ball, location: 2F 0-2: Ball 1-2: Foul Ball, location: 2F 1-2: Strikes out looking
|
| Bottom of the 7th over - 0 runs, 1 hit, 0 errors, 2 left on base; St. Pete 3 - Bradenton 1 |
| TOP OF THE 8TH |
|
St. Pete Cardinals batting - Pitching for Bradenton Sox : RHP Hector Gutierrez
|
|
Batting: RHB Eric Hardgrave
|
0-0: Ball 1-0: Foul Ball, location: 2F 1-1: Called Strike 1-2: Foul Ball, location: 2F 1-2: Strikes out looking
|
|
Pitching: RHP Ronald Nero
|
|
|
Batting: RHB Tom Magrann
|
0-0: Foul Ball, location: 2F 0-1: Called Strike 0-2: Ball 1-2: Strikes out swinging
|
|
Batting: SHB Mickey Riley
|
0-0: Swinging Strike 0-1: Ball 1-1: Ball 2-1: Swinging Strike 2-2: Foul Ball, location: 2F 2-2: Foul Ball, location: 2F 2-2: Foul Ball, location: 2F 2-2: Foul Ball, location: 2F 2-2: Ball 3-2: Base on Balls
|
|
Batting: RHB Omar Interiano
|
0-0: Fly out, F7 (Flyball, 7D, EV 105.0 MPH)
|
| Top of the 8th over - 0 runs, 0 hits, 0 errors, 1 left on base; St. Pete 3 - Bradenton 1 |
| BOTTOM OF THE 8TH |
|
Bradenton Sox batting - Pitching for St. Pete Cardinals : RHP Kevin Irot
|
|
Batting: RHB Dennis Tiefenthaler
|
0-0: Called Strike 0-1: Foul Ball, location: 2F 0-2: Ball 1-2: Foul Ball, location: 2F 1-2: Strikes out swinging
|
|
Batting: RHB Dave Hoeksema
|
0-0: Reached on error, E5 (Groundball, 56S, EV 69.4 MPH)
|
|
Batting: RHB William Murray
|
0-0: Fly out, F8 (Flyball, 8LD, EV 87.5 MPH)
|
|
Batting: RHB Jerry Nalley
|
0-0: Ball Wild Pitch! Dave Hoeksema to second 1-0: Fly out, F8 (Line Drive, 8RM, EV 97.5 MPH)
|
| Bottom of the 8th over - 0 runs, 0 hits, 1 error, 1 left on base; St. Pete 3 - Bradenton 1 |
| TOP OF THE 9TH |
|
St. Pete Cardinals batting - Pitching for Bradenton Sox : RHP Ronald Nero
|
|
Batting: RHB Jose Mantilla
|
0-0: Ground out 6-3 (Groundball, 6S, EV 88.1 MPH)
|
|
Batting: RHB Carlos Garcia
|
0-0: Ball 1-0: Ball 2-0: Called Strike 2-1: Called Strike 2-2: Strikes out swinging
|
|
Batting: RHB John Roberts
|
0-0: Ball 1-0: Ball 2-0: Ball 3-0: Called Strike 3-1: Foul Ball, location: 2F 3-2: Foul Ball, location: 2F 3-2: Foul Ball, location: 2F 3-2: Base on Balls
|
|
Batting: RHB Victor Jimenez
|
0-0: Called Strike John Roberts steals 2nd base 0-1: Ball 1-1: Ball 2-1: Foul Ball, location: 2F 2-2: Foul Ball, location: 2F 2-2: Fly out, F8 (Line Drive, 8LM, EV 91.9 MPH)
|
| Top of the 9th over - 0 runs, 0 hits, 0 errors, 1 left on base; St. Pete 3 - Bradenton 1 |
| BOTTOM OF THE 9TH |
|
Bradenton Sox batting - Pitching for St. Pete Cardinals : RHP Kevin Irot
|
|
Pitching: RHP Dave W Johnson
|
|
|
Batting: SHB Thomas Colburn
|
0-0: Ball 1-0: Ball 2-0: Called Strike 2-1: Foul Ball, location: 2F 2-2: Ball 3-2: Strikes out swinging
|
|
Batting: RHB Dennis Keating
|
0-0: Swinging Strike 0-1: Called Strike 0-2: Strikes out swinging
|
|
Batting: RHB Andre Wood
|
0-0: Ball 1-0: Ball 2-0: DOUBLE (Line Drive, 9LS, EV 97.5 MPH)
|
|
Batting: RHB Dave Coss
|
0-0: Foul Ball, location: 2F 0-1: Swinging Strike 0-2: Fly out, F8 (Flyball, 8RD, EV 86.3 MPH)
|
| Bottom of the 9th over - 0 runs, 1 hit, 0 errors, 1 left on base; St. Pete 3 - Bradenton 1 |
|